 Dungeon Crawl Stone Soup version 0.27.0 (webtiles) character file.

Game seed: 3994558090514900371

6 night the Insei (level 1, -1/16 HPs)
             Began as a Demonspawn Gladiator on July 30, 2021.
             Slain by a kobold (2 damage)
             ... on level 1 of the Dungeon.
             The game lasted 00:00:45 (347 turns).

night the Insei (Demonspawn Gladiator)               Turns: 347, Time: 00:00:46

Health: -1/16      AC:  4    Str: 14    XL:     1   Next: 75%
Magic:  1/1        EV: 12    Int:  9    God:
Gold:   12         SH:  0    Dex: 14    Spells: 0/0 levels left

rFire    . . .     SeeInvis .     - Unarmed
rCold    . . .     Faith    .   (no shield)
rNeg     . . .     Spirit   .   a - +0 leather armour
rPois    .         Reflect  .   b - +0 helmet
rElec    .         Harm     .   e - scarf {+Inv}
rCorr    .         Rampage  .   (no gloves)
Will     .....                  (no boots)
Stlth    +.........             (no amulet)
HPRegen  0.05/turn              (no ring)
MPRegen  0.07/turn              (no ring)

@: no status effects
A: no striking features
a: Evoke Invisibility


You were on level 1 of the Dungeon.
You visited 1 branch of the dungeon, and saw 1 of its levels.

You collected 12 gold pieces.

Inventory:

Missiles
 c - 3 throwing nets (quivered)
Armour
 a - a +0 leather armour (worn)
 b - a +0 helmet (worn)
 e - a scarf of invisibility (worn)
Potions
 d - 2 potions of mutation {unknown}


   Skills:
 + Level 2.3 Fighting
 - Level 1.7 Throwing
 - Level 2.6 Dodging
 + Level 2.9 Unarmed Combat


You couldn't memorise any spells.
You didn't know any spells.
Your spell library was empty.

Dungeon Overview and Level Annotations

Branches:
Dungeon (1/15)

Altars:


Message History

A kobold comes into view. It is wielding a +0 whip.
The kobold shouts!
The kobold throws a stone.
The stone hits you.
Things that are here:
a +0 club; a goblin corpse You closely miss the kobold.
The kobold hits you but does no damage.
You closely miss the kobold. The kobold closely misses you.
You hit the kobold.
You kill the kobold!
A kobold comes into view. It is wielding a +0 club.
You see here a +0 club.
The kobold hits you with a +0 whip.
You closely miss the kobold. The kobold hits you with a +0 whip.
You barely miss the kobold. The kobold hits you with a +0 whip.
The kobold barely misses you.
You barely miss the kobold. The kobold hits you with a +0 whip.
The kobold closely misses you.
You closely miss the kobold. The kobold hits you but does no damage.
The kobold barely misses you.
You hit the kobold but do no damage. The kobold hits you with a +0 whip.
* * * LOW HITPOINT WARNING * * *
The kobold hits you but does no damage. The kobold closely misses you.
The kobold throws a stone.
The stone closely misses you.
You hit the kobold.
You kill the kobold!
The kobold barely misses you.
Things that are here:
a +0 club; a stone; a kobold corpse You hit the kobold but do no damage.
The kobold closely misses you.
You barely miss the kobold. The kobold barely misses you.
You barely miss the kobold. The kobold barely misses you.
You hit the kobold but do no damage. The kobold misses you.
You hit the kobold but do no damage. The kobold closely misses you.
You closely miss the kobold. You barely miss the kobold.
The kobold hits you with a +0 whip.
* * * LOW HITPOINT WARNING * * *
You closely miss the kobold. The kobold misses you.
You closely miss the kobold. The kobold hits you with a +0 whip.
You die...

#.# . #.# ..#####.########
#..............# #§☼
##.#######.###.# #○○ #.# #.# #
# #☼§○ #.# #.# .#.#
####...######.#### #†# .#.##
..............K@.# #.###....#
.....)##.####.##.####......#...
..............##.............#
............###########.######
.....######)# #.# .## #)# #.#
#.# #.# #.###########)#
#.............#


You could see a kobold.

Vanquished Creatures
  2 goblins (D:1)
  A hobgoblin (D:1)
  A ball python (D:1)
  2 kobolds (D:1)
6 creatures vanquished.

Vanquished Creatures (others)
  A giant cockroach (D:1)
  A goblin (D:1)
2 creatures vanquished.

Grand Total: 8 creatures vanquished

Notes
Turn   | Place    | Note
-------+----------+-------------------------------------------
     0 | D:1      | night the Demonspawn Gladiator began the quest for the Orb.
     0 | D:1      | Reached XP level 1. HP: 16/16 MP: 1/1
   330 | D:1      | HP: 2/16 [kobold (3)]
   345 | D:1      | HP: 1/16 [kobold (2)]
   347 | D:1      | Slain by a kobold

Illustrated notes

Levels and vault maps discovered:
D:1:      lightli_arrival_boilingwater, layout_loops_ring,
          chequers_serial_rivers_marsh, chequers_serial_rivers_small_a,
          corner_web_ring, lemuel_flame_loot_1

Action                   || total
-------------------------++-------
Melee: Unarmed           ||    35
Armor: Leather armour    ||     8
Dodge: Dodged            ||    21
